General information
- name: BNet
- type: Ladder team game (AT/RT)
- host: Battle.net
- saver: KatieCooBabyBoo
map: Friends
- players: 8
- length: 109:26
- speed: Fast
- version: 1.23 W3XP
- replay type: Public
» download(1227 KB)
Players
team 1 (loser)
aznpimpin (
orange | 101 APM | 11007 actions | 109:25)
9 Archmage
3 Summon Water Elemental
3 Brilliance Aura
1 Mass Teleport
2 Blizzard
8 Paladin
3 Holy Light
3 Divine Shield
1 Resurrection
1 Devotion Aura
7 Mountain King
3 Storm Bolt
3 Bash
1 Avatar
» actions
| Assign group hotkey | 244 | |
| Basic commands | 1770 | |
| Build / train | 447 | |
| ESC pressed | 42 | |
| Enter build submenu | 97 | |
| Enter hero's abilities submenu | 28 | |
| Give item / drop item | 16 | |
| Remove unit from queue | 8 | |
| Right click | 4068 | |
| Select / deselect | 1463 | |
| Select group hotkey | 1903 | |
| Use ability | 921 | |
11007 total
» units
| Peasant | 70 | |
| Rifleman | 13 | |
| Mortar Team | 20 | |
| Goblin Zeppelin | 2 | |
| Spell Breaker | 12 | |
| Siege Engine | 72 | |
189 total
» upgrades
| Masonry | 3 | |
| Long Rifles | 1 | |
| Fragmentation Shards | 1 | |
| Flare | 1 | |
| Armor | 3 | |
| Gunpowder | 3 | |
| Magic Sentry | 1 | |
| Lumber Harvesting | 2 | |
| Control Magic | 1 | |
| Barrage | 1 | |
| Backpack | 1 | |
| Plating | 2 | |
| Swords | 2 | |
22 total
» buildings
| Farm | 15 | |
| Altar of Kings | 1 | |
| Blacksmith | 1 | |
| Scout Tower | 48 | |
| Barracks | 1 | |
| Arcane Tower | 23 | |
| Lumber Mill | 3 | |
| Guard Tower | 61 | |
| Keep | 4 | |
| Castle | 2 | |
| Workshop | 4 | |
| Arcane Sanctum | 1 | |
| Arcane Vault | 1 | |
| Cannon Tower | 1 | |
| Town Hall | 1 | |
167 total
» build order
00:06 Farm
00:08 Altar of Kings
00:20 Farm
00:36 Blacksmith
00:56 Farm
01:37 Scout Tower
02:02 Barracks
02:17 Arcane Tower
02:17 Arcane Tower
02:17 Arcane Tower
03:23 Scout Tower
05:52 Scout Tower
06:24 Arcane Tower
06:25 Arcane Tower
06:38 Scout Tower
06:41 Scout Tower
06:43 Scout Tower
06:44 Scout Tower
10:02 Scout Tower
10:05 Scout Tower
10:10 Scout Tower
10:13 Scout Tower
10:22 Arcane Tower
10:23 Arcane Tower
10:23 Arcane Tower
10:23 Arcane Tower
10:34 Arcane Tower
10:34 Arcane Tower
10:41 Lumber Mill
10:57 Scout Tower
11:15 Guard Tower
11:15 Guard Tower
11:15 Guard Tower
11:23 Scout Tower
11:34 Guard Tower
11:34 Guard Tower
11:34 Guard Tower
11:55 Guard Tower
11:55 Guard Tower
11:56 Scout Tower
11:57 Scout Tower
12:13 Farm
12:33 Guard Tower
12:33 Guard Tower
12:34 Guard Tower
12:46 Keep
12:46 Keep
12:47 Keep
12:56 Farm
13:01 Scout Tower
13:25 Farm
13:40 Guard Tower
13:41 Guard Tower
13:41 Guard Tower
14:25 Farm
15:12 Castle
15:12 Castle
16:15 Workshop
16:19 Workshop
16:27 Farm
17:07 Farm
17:18 Farm
17:45 Farm
18:07 Farm
18:56 Arcane Sanctum
20:27 Arcane Vault
26:08 Scout Tower
26:29 Scout Tower
26:30 Scout Tower
26:30 Scout Tower
26:32 Scout Tower
26:39 Scout Tower
26:40 Scout Tower
26:44 Scout Tower
27:36 Scout Tower
27:38 Scout Tower
27:39 Scout Tower
27:40 Guard Tower
27:40 Guard Tower
27:41 Guard Tower
27:46 Guard Tower
28:08 Guard Tower
28:08 Guard Tower
28:08 Guard Tower
28:59 Guard Tower
29:00 Guard Tower
37:08 Farm
37:25 Farm
37:34 Farm
37:39 Lumber Mill
37:47 Lumber Mill
38:40 Scout Tower
38:49 Scout Tower
38:50 Scout Tower
39:22 Guard Tower
39:23 Guard Tower
39:24 Arcane Tower
39:24 Arcane Tower
39:26 Scout Tower
39:28 Arcane Tower
39:28 Arcane Tower
40:19 Guard Tower
40:20 Guard Tower
40:48 Guard Tower
40:48 Guard Tower
40:48 Guard Tower
41:30 Arcane Tower
41:31 Arcane Tower
50:40 Workshop
53:57 Workshop
64:28 Scout Tower
64:38 Scout Tower
64:57 Scout Tower
64:59 Guard Tower
64:59 Guard Tower
65:35 Scout Tower
65:36 Guard Tower
65:37 Guard Tower
66:15 Guard Tower
66:16 Guard Tower
66:20 Guard Tower
66:20 Guard Tower
66:24 Scout Tower
67:25 Guard Tower
67:49 Scout Tower
67:53 Scout Tower
68:37 Scout Tower
68:50 Scout Tower
69:14 Arcane Tower
69:15 Scout Tower
69:17 Guard Tower
69:18 Guard Tower
69:18 Guard Tower
69:43 Scout Tower
69:45 Guard Tower
69:46 Guard Tower
70:09 Scout Tower
70:13 Guard Tower
70:14 Guard Tower
71:21 Scout Tower
72:10 Scout Tower
72:29 Cannon Tower
72:38 Scout Tower
72:39 Guard Tower
72:39 Guard Tower
72:39 Guard Tower
73:23 Scout Tower
73:55 Scout Tower
73:56 Guard Tower
94:10 Town Hall
» items
| Scroll of Town Portal | 5 | |
| Orb of Lightning | 10 | |
| Potion of Healing | 9 | |
| Potion of Mana | 2 | |
| Ivory Tower | 4 | |
| Tiny Great Hall | 1 | |
| Staff of Sanctuary | 2 | |
| Orb of Corruption | 5 | |
| Dust of Appearance | 2 | |
40 total

»
forealthough (
red | 101 APM | 11079 actions | 109:25)
10 Death Knight
3 Death Coil
3 Unholy Aura
3 Death Pact
1 Animate Dead
10 Lich
3 Frost Nova
3 Frost Armor
1 Death and Decay
3 Dark Ritual
10 Pit Lord
3 Rain of Fire
3 Cleaving Attack
1 Doom
3 Howl of Terror
» actions
| Assign group hotkey | 99 | |
| Basic commands | 148 | |
| Build / train | 290 | |
| ESC pressed | 1 | |
| Enter build submenu | 49 | |
| Enter hero's abilities submenu | 30 | |
| Give item / drop item | 16 | |
| Remove unit from queue | 8 | |
| Right click | 6742 | |
| Select / deselect | 1815 | |
| Select group hotkey | 1131 | |
| Use ability | 749 | |
11079 total
» units
| Acolyte | 34 | |
| Ghoul | 4 | |
| Crypt Fiend | 5 | |
| Goblin Shredder | 8 | |
| Frost Wyrm | 52 | |
| Meatwagon | 3 | |
| Obsidian Statue | 6 | |
| Goblin Zeppelin | 2 | |
114 total
» upgrades
| Burrow | 1 | |
| Web | 1 | |
| Freezing Breath | 1 | |
| Creature Carapace | 3 | |
| Disease Cloud | 1 | |
| Creature Attack | 3 | |
| Destroyer Form | 1 | |
11 total
» buildings
| Altar of Darkness | 1 | |
| Ziggurat | 22 | |
| Crypt | 1 | |
| Tomb of Relics | 3 | |
| Graveyard | 1 | |
| Nerubian Tower | 3 | |
| Halls of the Dead | 3 | |
| Black Citadel | 5 | |
| Sacrificial Pit | 2 | |
| Boneyard | 3 | |
| Spirit Tower | 12 | |
| Necropolis | 3 | |
| Slaughterhouse | 2 | |
61 total
» build order
00:10 Altar of Darkness
00:13 Ziggurat
00:35 Crypt
00:52 Tomb of Relics
01:15 Graveyard
01:33 Ziggurat
01:46 Nerubian Tower
01:47 Nerubian Tower
03:42 Halls of the Dead
03:42 Halls of the Dead
04:17 Ziggurat
05:42 Ziggurat
08:03 Black Citadel
08:04 Black Citadel
08:04 Black Citadel
08:20 Sacrificial Pit
10:30 Boneyard
10:32 Ziggurat
10:34 Spirit Tower
11:17 Boneyard
12:49 Spirit Tower
12:52 Ziggurat
13:02 Ziggurat
14:20 Necropolis
16:30 Slaughterhouse
16:38 Slaughterhouse
17:17 Necropolis
17:48 Ziggurat
18:01 Tomb of Relics
18:43 Spirit Tower
19:43 Ziggurat
23:18 Sacrificial Pit
23:49 Ziggurat
23:50 Ziggurat
23:51 Ziggurat
29:03 Boneyard
34:51 Tomb of Relics
37:20 Spirit Tower
37:20 Spirit Tower
49:04 Spirit Tower
49:06 Ziggurat
49:46 Spirit Tower
49:47 Spirit Tower
49:48 Ziggurat
49:48 Ziggurat
58:09 Ziggurat
58:10 Ziggurat
58:10 Ziggurat
58:11 Ziggurat
58:11 Ziggurat
58:12 Ziggurat
58:12 Ziggurat
79:25 Necropolis
» items
| Rod of Necromancy | 4 | |
| Dust of Appearance | 1 | |
| Sacrificial Skull | 1 | |
| Potion of Healing | 10 | |
| Orb of Corruption | 5 | |
| Scroll of Town Portal | 5 | |
| Potion of Mana | 6 | |
| Lesser Clarity Potion | 9 | |
| Orb of Lightning | 2 | |
| Healing Salve | 2 | |
45 total

»
illmakeyoufood (
yellow | 104 APM | 11382 actions | 109:25)
10 Tauren Chieftain
3 Shockwave
3 Endurance Aura
1 Reincarnation
3 War Stomp
10 Shadow Hunter
3 Hex
3 Healing Wave
1 Big Bad Voodoo
3 Serpent Ward
» actions
| Assign group hotkey | 45 | |
| Basic commands | 72 | |
| Build / train | 289 | |
| ESC pressed | 43 | |
| Enter build submenu | 72 | |
| Enter hero's abilities submenu | 22 | |
| Give item / drop item | 8 | |
| Right click | 7712 | |
| Select / deselect | 2084 | |
| Select group hotkey | 146 | |
| Use ability | 888 | |
11382 total
» units
| Peon | 39 | |
| Grunt | 6 | |
| Demolisher | 6 | |
| Troll Witch Doctor | 16 | |
| Troll Headhunter/Berserker | 13 | |
| Shaman | 4 | |
| Goblin Zeppelin | 3 | |
| Troll Batrider | 26 | |
| Spirit Walker | 3 | |
| Goblin Sapper | 3 | |
119 total
» upgrades
| Witch Doctor Training | 2 | |
| Troll Regeneration | 1 | |
| Berserker Upgrade | 1 | |
| Shaman Training | 2 | |
| Burning Oil | 1 | |
| Ranged Weapons | 2 | |
| Reinforced Defenses | 1 | |
| Spirit Walker Training | 1 | |
| Liquid Fire | 1 | |
12 total
» buildings
| Barracks | 5 | |
| Orc Burrow | 9 | |
| Altar of Storms | 1 | |
| Stronghold | 4 | |
| War Mill | 2 | |
| Voodoo Lounge | 12 | |
| Fortress | 2 | |
| Spirit Lodge | 4 | |
| Watch Tower | 25 | |
| Beastiary | 3 | |
67 total
» build order
00:12 Barracks
00:21 Orc Burrow
00:36 Altar of Storms
01:47 Orc Burrow
03:26 Orc Burrow
04:15 Stronghold
04:15 Stronghold
04:16 Stronghold
05:53 War Mill
06:32 Voodoo Lounge
07:52 Barracks
07:54 Fortress
07:54 Fortress
07:56 Barracks
09:52 Spirit Lodge
10:34 Watch Tower
10:38 Orc Burrow
12:00 Spirit Lodge
12:22 Spirit Lodge
12:59 Watch Tower
13:00 Watch Tower
13:26 Orc Burrow
17:32 Orc Burrow
17:34 Orc Burrow
20:18 Watch Tower
21:30 Beastiary
39:08 Watch Tower
39:09 Watch Tower
42:14 Watch Tower
42:14 Watch Tower
49:46 Voodoo Lounge
49:47 Voodoo Lounge
49:48 Voodoo Lounge
49:49 Voodoo Lounge
50:24 Voodoo Lounge
50:25 Voodoo Lounge
52:32 Watch Tower
52:32 Watch Tower
52:32 Watch Tower
53:22 Barracks
53:23 Voodoo Lounge
53:24 Voodoo Lounge
54:30 Voodoo Lounge
58:40 Voodoo Lounge
58:43 Voodoo Lounge
62:49 Watch Tower
62:55 Watch Tower
62:56 Watch Tower
63:16 Beastiary
63:39 Barracks
63:39 Beastiary
67:25 Watch Tower
67:25 Watch Tower
67:26 Watch Tower
69:13 Watch Tower
69:13 Watch Tower
69:14 Watch Tower
69:15 Watch Tower
69:42 Spirit Lodge
75:23 Orc Burrow
75:25 Orc Burrow
79:20 War Mill
109:16 Watch Tower
109:17 Watch Tower
109:17 Watch Tower
» items
| Lesser Clarity Potion | 11 | |
| Scroll of Speed | 4 | |
| Potion of Mana | 67 | |
| Potion of Healing | 6 | |
| Scroll of Town Portal | 4 | |
| Orb of Lightning | 1 | |
| Dust of Appearance | 1 | |
| Scroll of Healing | 1 | |
| Tiny Great Hall | 1 | |
96 total

»
towerDmaster (
green | 74 APM | 8143 actions | 109:25)
10 Tauren Chieftain
3 Shockwave
3 Endurance Aura
1 Reincarnation
3 War Stomp
8 Shadow Hunter
3 Healing Wave
3 Hex
1 Big Bad Voodoo
1 Serpent Ward
» actions
| Assign group hotkey | 45 | |
| Basic commands | 315 | |
| Build / train | 248 | |
| Enter build submenu | 139 | |
| Enter hero's abilities submenu | 18 | |
| Give item / drop item | 30 | |
| Remove unit from queue | 4 | |
| Right click | 5048 | |
| Select / deselect | 1413 | |
| Select group hotkey | 93 | |
| Use ability | 790 | |
8143 total
» units
| Peon | 59 | |
| Grunt | 6 | |
| Tauren | 17 | |
| Demolisher | 1 | |
| Goblin Zeppelin | 3 | |
| Goblin Shredder | 3 | |
| Goblin Sapper | 2 | |
91 total
» upgrades
| Reinforced Defenses | 1 | |
| Armor | 3 | |
| Pulverize | 1 | |
| Burning Oil | 1 | |
| Ranged Weapons | 1 | |
| Melee Weapons | 2 | |
9 total
» buildings
| Orc Burrow | 7 | |
| Altar of Storms | 1 | |
| Barracks | 1 | |
| Voodoo Lounge | 28 | |
| War Mill | 4 | |
| Stronghold | 1 | |
| Watch Tower | 255 | |
| Fortress | 1 | |
| Tauren Totem | 6 | |
| Spirit Lodge | 2 | |
306 total
» build order
00:13 Orc Burrow
00:17 Altar of Storms
00:29 Barracks
01:48 Orc Burrow
02:04 Voodoo Lounge
02:20 War Mill
03:31 Stronghold
04:38 Orc Burrow
04:42 Watch Tower
05:22 Watch Tower
06:06 Fortress
08:50 Tauren Totem
10:09 Orc Burrow
10:25 Tauren Totem
11:13 Watch Tower
13:01 Watch Tower
13:06 Orc Burrow
13:23 Spirit Lodge
13:30 Spirit Lodge
15:11 Orc Burrow
16:18 Watch Tower
18:10 Voodoo Lounge
21:06 Watch Tower
21:06 Watch Tower
21:09 Watch Tower
21:11 Watch Tower
21:27 Watch Tower
21:29 Watch Tower
21:50 Watch Tower
22:32 Watch Tower
22:42 Watch Tower
22:55 Voodoo Lounge
23:00 Voodoo Lounge
23:03 Watch Tower
23:05 Watch Tower
23:42 Watch Tower
24:29 Watch Tower
24:41 Watch Tower
25:01 Watch Tower
25:01 Watch Tower
25:02 Watch Tower
25:15 War Mill
25:32 Watch Tower
26:01 Watch Tower
28:59 Watch Tower
28:59 Watch Tower
29:00 Watch Tower
29:00 Watch Tower
29:00 Watch Tower
29:01 Watch Tower
31:34 Watch Tower
31:35 Watch Tower
31:35 Watch Tower
33:21 Voodoo Lounge
33:22 Voodoo Lounge
35:14 Watch Tower
35:19 Watch Tower
35:21 Watch Tower
35:23 Watch Tower
36:24 Orc Burrow
36:54 Watch Tower
36:55 Watch Tower
36:56 Watch Tower
37:19 Watch Tower
37:20 Watch Tower
37:20 Watch Tower
37:22 Watch Tower
37:22 Watch Tower
37:22 Watch Tower
38:10 War Mill
38:31 Watch Tower
38:31 Watch Tower
38:32 Watch Tower
38:38 Watch Tower
38:38 Watch Tower
39:03 Watch Tower
39:04 Watch Tower
41:10 Voodoo Lounge
41:11 Voodoo Lounge
41:32 Watch Tower
41:32 Watch Tower
41:33 Watch Tower
41:33 Watch Tower
41:34 Watch Tower
43:42 Voodoo Lounge
43:45 Voodoo Lounge
45:09 Voodoo Lounge
45:14 Voodoo Lounge
48:14 Watch Tower
48:15 Watch Tower
48:15 Watch Tower
48:17 Watch Tower
48:17 Watch Tower
48:18 Watch Tower
48:19 Watch Tower
48:32 Watch Tower
48:32 Watch Tower
48:33 Watch Tower
48:36 Watch Tower
48:37 Watch Tower
48:37 Watch Tower
48:37 Watch Tower
48:38 Watch Tower
48:41 Watch Tower
48:41 Watch Tower
48:41 Watch Tower
48:42 Watch Tower
48:47 Watch Tower
48:47 Watch Tower
48:47 Watch Tower
48:49 Watch Tower
49:07 Watch Tower
49:08 Watch Tower
49:09 Watch Tower
49:11 Watch Tower
49:11 Watch Tower
49:58 Watch Tower
50:19 Voodoo Lounge
50:20 Voodoo Lounge
50:27 Watch Tower
50:27 Watch Tower
50:28 Watch Tower
50:32 Watch Tower
50:33 Watch Tower
50:34 Watch Tower
50:38 Watch Tower
50:38 Watch Tower
50:39 Watch Tower
50:40 Watch Tower
50:42 Watch Tower
50:44 Watch Tower
54:56 Watch Tower
54:56 Watch Tower
54:57 Watch Tower
54:57 Watch Tower
59:56 Watch Tower
59:57 Watch Tower
59:57 Watch Tower
60:37 Watch Tower
60:37 Watch Tower
60:38 Watch Tower
60:39 Watch Tower
60:46 Watch Tower
60:47 Watch Tower
60:47 Watch Tower
60:55 Watch Tower
60:55 Watch Tower
60:56 Watch Tower
60:56 Watch Tower
62:28 Watch Tower
62:29 Watch Tower
62:29 Watch Tower
62:29 Watch Tower
65:11 Voodoo Lounge
65:33 Voodoo Lounge
66:01 Watch Tower
66:01 Watch Tower
66:04 Watch Tower
66:04 Watch Tower
66:17 Voodoo Lounge
67:27 Watch Tower
67:27 Watch Tower
67:27 Watch Tower
67:30 Watch Tower
67:30 Watch Tower
67:31 Watch Tower
70:56 Watch Tower
70:57 Watch Tower
70:57 Watch Tower
70:58 Watch Tower
71:06 Watch Tower
71:06 Watch Tower
71:24 Watch Tower
71:24 Watch Tower
71:24 Watch Tower
71:58 Watch Tower
71:59 Watch Tower
72:00 Watch Tower
73:13 Watch Tower
73:13 Watch Tower
75:18 Watch Tower
75:19 Watch Tower
75:19 Watch Tower
75:20 Watch Tower
75:25 Watch Tower
75:26 Watch Tower
75:27 Watch Tower
75:28 Watch Tower
76:00 Watch Tower
76:00 Watch Tower
76:02 Watch Tower
76:03 Watch Tower
76:08 Watch Tower
76:09 Watch Tower
76:09 Watch Tower
76:10 Watch Tower
76:12 Watch Tower
76:14 Watch Tower
76:14 Watch Tower
76:15 Watch Tower
76:35 Watch Tower
76:35 Watch Tower
76:36 Watch Tower
76:51 Watch Tower
76:51 Watch Tower
77:08 Watch Tower
77:08 Watch Tower
77:09 Watch Tower
77:09 Watch Tower
77:13 Watch Tower
77:14 Watch Tower
77:19 Watch Tower
77:19 Watch Tower
77:20 Watch Tower
77:27 Watch Tower
77:29 Watch Tower
77:30 Watch Tower
77:46 War Mill
78:37 Watch Tower
78:38 Watch Tower
78:38 Watch Tower
78:39 Watch Tower
78:43 Watch Tower
78:43 Watch Tower
78:43 Watch Tower
78:45 Watch Tower
78:45 Watch Tower
78:46 Watch Tower
80:16 Watch Tower
80:17 Watch Tower
80:21 Watch Tower
80:22 Watch Tower
80:22 Watch Tower
81:16 Watch Tower
81:16 Watch Tower
81:17 Watch Tower
81:17 Watch Tower
81:21 Watch Tower
81:38 Watch Tower
81:39 Watch Tower
81:44 Watch Tower
82:46 Watch Tower
82:46 Watch Tower
82:47 Watch Tower
82:53 Watch Tower
82:53 Watch Tower
82:53 Watch Tower
84:32 Watch Tower
84:32 Watch Tower
84:32 Watch Tower
84:33 Watch Tower
84:33 Watch Tower
84:46 Watch Tower
84:46 Watch Tower
84:46 Watch Tower
84:46 Watch Tower
84:49 Watch Tower
84:49 Watch Tower
84:51 Watch Tower
84:51 Watch Tower
85:14 Voodoo Lounge
85:15 Voodoo Lounge
85:39 Watch Tower
85:40 Watch Tower
87:14 Watch Tower
87:15 Watch Tower
87:16 Watch Tower
87:16 Watch Tower
87:43 Watch Tower
87:44 Watch Tower
87:54 Watch Tower
87:54 Watch Tower
87:56 Watch Tower
87:57 Watch Tower
88:13 Watch Tower
88:14 Watch Tower
88:15 Watch Tower
88:15 Watch Tower
88:15 Watch Tower
88:26 Voodoo Lounge
88:27 Voodoo Lounge
89:20 Voodoo Lounge
89:21 Voodoo Lounge
90:04 Voodoo Lounge
92:22 Watch Tower
92:23 Watch Tower
92:24 Watch Tower
92:26 Watch Tower
92:26 Watch Tower
94:47 Voodoo Lounge
94:49 Voodoo Lounge
96:55 Voodoo Lounge
96:57 Voodoo Lounge
99:33 Tauren Totem
99:34 Tauren Totem
99:37 Tauren Totem
99:38 Tauren Totem
109:06 Watch Tower
109:06 Watch Tower
109:06 Watch Tower
» items
| Healing Salve | 5 | |
| Orb of Corruption | 2 | |
| Tiny Great Hall | 4 | |
| Scroll of Town Portal | 7 | |
| Potion of Mana | 53 | |
| Scroll of Healing | 3 | |
| Potion of Healing | 6 | |
| Lesser Clarity Potion | 35 | |
| Orb of Lightning | 2 | |
| Scroll of Speed | 4 | |
| Staff of Sanctuary | 1 | |
122 total
team 2 (winner)
ILoveToFlip (
purple | 106 APM | 11612 actions | 109:25)
7 Blood Mage
3 Flame Strike
2 Siphon Mana
1 Banish
1 Summon Phoenix
8 Mountain King
3 Storm Bolt
3 Bash
1 Avatar
1 Thunder Clap
8 Paladin
3 Holy Light
3 Divine Shield
1 Devotion Aura
1 Resurrection
» actions
| Assign group hotkey | 61 | |
| Basic commands | 74 | |
| Build / train | 241 | |
| ESC pressed | 12 | |
| Enter build submenu | 88 | |
| Enter hero's abilities submenu | 24 | |
| Give item / drop item | 16 | |
| Remove unit from queue | 6 | |
| Right click | 6361 | |
| Select / deselect | 2071 | |
| Select group hotkey | 1683 | |
| Use ability | 973 | |
11612 total
» units
| Peasant | 34 | |
| Forest Troll Shadow Priest | 2 | |
| Forest Troll Berserker | 1 | |
| Priest | 12 | |
| Sorceress | 13 | |
| Goblin Shredder | 1 | |
| Goblin Zeppelin | 1 | |
64 total
» upgrades
| Masonry | 3 | |
| Lumber Harvesting | 2 | |
| Magic Sentry | 1 | |
| Sorceress Training | 2 | |
| Priest Training | 2 | |
10 total
» buildings
| Altar of Kings | 5 | |
| Scout Tower | 97 | |
| Farm | 18 | |
| Lumber Mill | 4 | |
| Arcane Tower | 17 | |
| Arcane Vault | 5 | |
| Guard Tower | 33 | |
| Keep | 2 | |
| Arcane Sanctum | 3 | |
| Town Hall | 3 | |
| Castle | 1 | |
| Gryphon Aviary | 2 | |
190 total
» build order
00:06 Altar of Kings
00:21 Scout Tower
00:22 Farm
00:54 Lumber Mill
01:02 Arcane Tower
01:33 Arcane Vault
01:37 Scout Tower
01:52 Farm
02:18 Scout Tower
03:00 Guard Tower
03:07 Guard Tower
03:32 Lumber Mill
03:39 Scout Tower
04:08 Guard Tower
04:12 Scout Tower
04:56 Farm
05:17 Keep
05:31 Farm
06:22 Guard Tower
06:54 Scout Tower
07:03 Farm
07:12 Scout Tower
07:16 Scout Tower
07:24 Guard Tower
07:43 Arcane Tower
07:48 Guard Tower
08:50 Arcane Sanctum
09:06 Scout Tower
09:11 Scout Tower
09:50 Guard Tower
09:51 Guard Tower
12:00 Town Hall
12:32 Farm
12:35 Guard Tower
13:21 Scout Tower
13:22 Scout Tower
13:22 Scout Tower
13:23 Scout Tower
13:24 Scout Tower
13:25 Scout Tower
13:25 Scout Tower
13:42 Scout Tower
13:44 Scout Tower
13:45 Scout Tower
13:46 Scout Tower
13:47 Scout Tower
13:49 Scout Tower
13:50 Scout Tower
13:52 Scout Tower
13:52 Scout Tower
13:54 Scout Tower
13:55 Scout Tower
13:59 Guard Tower
14:39 Guard Tower
14:56 Castle
15:01 Arcane Tower
15:01 Guard Tower
15:06 Scout Tower
15:07 Scout Tower
15:08 Scout Tower
15:08 Scout Tower
15:10 Guard Tower
15:20 Guard Tower
16:04 Arcane Tower
16:05 Guard Tower
16:37 Guard Tower
16:40 Scout Tower
16:41 Scout Tower
16:43 Scout Tower
16:44 Scout Tower
16:47 Scout Tower
16:49 Scout Tower
16:51 Scout Tower
16:52 Scout Tower
17:11 Guard Tower
17:15 Guard Tower
17:35 Arcane Vault
17:38 Guard Tower
17:47 Arcane Tower
18:12 Scout Tower
18:14 Scout Tower
18:15 Scout Tower
18:33 Arcane Vault
19:02 Guard Tower
19:02 Scout Tower
19:26 Arcane Tower
19:29 Guard Tower
19:30 Guard Tower
21:19 Arcane Vault
21:28 Arcane Tower
24:47 Scout Tower
24:47 Scout Tower
27:55 Guard Tower
35:05 Scout Tower
35:06 Scout Tower
36:47 Scout Tower
36:48 Scout Tower
36:49 Scout Tower
37:07 Guard Tower
37:08 Guard Tower
37:09 Arcane Tower
37:24 Guard Tower
37:26 Scout Tower
37:27 Scout Tower
37:28 Scout Tower
37:56 Guard Tower
38:07 Guard Tower
38:11 Scout Tower
38:12 Scout Tower
38:15 Scout Tower
38:16 Scout Tower
38:16 Scout Tower
38:18 Scout Tower
38:19 Scout Tower
38:20 Scout Tower
38:20 Scout Tower
38:24 Scout Tower
38:24 Scout Tower
38:25 Scout Tower
38:41 Arcane Tower
38:45 Scout Tower
38:46 Scout Tower
38:47 Scout Tower
38:47 Scout Tower
39:04 Arcane Tower
39:28 Guard Tower
41:50 Arcane Tower
41:53 Lumber Mill
41:57 Arcane Tower
41:59 Scout Tower
41:59 Scout Tower
42:01 Scout Tower
43:26 Guard Tower
46:12 Town Hall
46:17 Farm
46:18 Farm
46:19 Farm
48:21 Farm
49:37 Altar of Kings
50:03 Town Hall
50:45 Altar of Kings
50:47 Keep
50:50 Arcane Vault
53:24 Lumber Mill
53:53 Scout Tower
53:55 Scout Tower
53:57 Scout Tower
53:59 Scout Tower
54:03 Scout Tower
54:05 Scout Tower
54:13 Scout Tower
54:13 Scout Tower
54:14 Scout Tower
54:15 Scout Tower
54:15 Scout Tower
54:16 Scout Tower
54:57 Guard Tower
54:59 Guard Tower
57:51 Guard Tower
57:53 Scout Tower
57:53 Scout Tower
57:54 Scout Tower
57:54 Scout Tower
57:56 Gryphon Aviary
57:57 Gryphon Aviary
57:59 Arcane Sanctum
59:22 Arcane Sanctum
59:58 Arcane Tower
62:17 Farm
62:18 Farm
62:20 Farm
62:20 Farm
62:21 Farm
63:45 Farm
63:46 Farm
63:46 Farm
72:08 Altar of Kings
86:37 Altar of Kings
92:50 Scout Tower
92:51 Scout Tower
92:52 Scout Tower
93:31 Arcane Tower
94:07 Arcane Tower
94:09 Scout Tower
94:10 Scout Tower
94:11 Scout Tower
94:16 Arcane Tower
103:07 Arcane Tower
» items
| Healing Salve | 3 | |
| Lesser Clarity Potion | 19 | |
| Scroll of Speed | 1 | |
| Scroll of Regeneration | 2 | |
| Mechanical Critter | 2 | |
| Potion of Healing | 8 | |
| Ivory Tower | 14 | |
| Staff of Sanctuary | 3 | |
| Orb of Lightning | 3 | |
| Scroll of Town Portal | 7 | |
| Sobi Mask | 2 | |
| Runed Bracers | 2 | |
| Amulet of the Wild | 2 | |
| Scroll of Restoration | 1 | |
| Robe of the Magi +6 | 1 | |
| Red Drake Egg | 1 | |
| Potion of Mana | 5 | |
| Wand of the Wind | 1 | |
| Demonic Figurine | 1 | |
| Inferno Stone | 1 | |
| Belt of Giant Strength +6 | 1 | |
| Stone Token | 1 | |
| Tiny Great Hall | 1 | |
82 total
itstheSMOKE (
blue | 87 APM | 9496 actions | 109:25)
4 Blademaster
2 Wind Walk
2 Critical Strike
5 Shadow Hunter
3 Healing Wave
2 Hex
» actions
| Assign group hotkey | 62 | |
| Basic commands | 59 | |
| Build / train | 168 | |
| Enter build submenu | 74 | |
| Enter hero's abilities submenu | 12 | |
| Give item / drop item | 4 | |
| Remove unit from queue | 19 | |
| Right click | 4168 | |
| Select / deselect | 1148 | |
| Select group hotkey | 3014 | |
| Use ability | 763 | |
9496 total
» units
| Peon | 13 | |
| Troll Batrider | 83 | |
| Goblin Shredder | 1 | |
97 total
» upgrades
| Spiked Barricades | 3 | |
| Reinforced Defenses | 1 | |
| Liquid Fire | 1 | |
| Ranged Weapons | 2 | |
| Armor | 1 | |
8 total
» buildings
| Altar of Storms | 4 | |
| Orc Burrow | 14 | |
| War Mill | 3 | |
| Voodoo Lounge | 6 | |
| Watch Tower | 40 | |
| Stronghold | 3 | |
| Fortress | 1 | |
| Beastiary | 8 | |
| Great Hall | 2 | |
81 total
» build order
00:09 Altar of Storms
00:30 Orc Burrow
01:05 War Mill
01:40 Voodoo Lounge
01:59 Orc Burrow
02:30 Watch Tower
03:01 Watch Tower
04:17 Watch Tower
05:15 Stronghold
05:18 Watch Tower
06:28 Watch Tower
07:41 Watch Tower
07:49 Fortress
09:16 Watch Tower
09:57 Watch Tower
09:59 Watch Tower
10:03 Watch Tower
10:04 Watch Tower
10:04 Watch Tower
10:21 Beastiary
10:23 Beastiary
10:27 Beastiary
10:45 Orc Burrow
11:38 Watch Tower
11:39 Watch Tower
13:15 War Mill
13:44 Watch Tower
13:48 Watch Tower
13:58 Watch Tower
13:59 Watch Tower
15:05 Orc Burrow
15:21 Watch Tower
15:22 Watch Tower
15:23 Watch Tower
15:24 Watch Tower
15:26 Watch Tower
15:27 Watch Tower
15:28 Watch Tower
15:29 Watch Tower
18:15 Orc Burrow
23:32 Watch Tower
23:34 Watch Tower
24:04 Watch Tower
24:07 Watch Tower
24:07 Watch Tower
24:09 Watch Tower
24:11 Watch Tower
34:41 Voodoo Lounge
34:45 Voodoo Lounge
38:32 Watch Tower
38:42 Watch Tower
38:44 Watch Tower
38:56 Watch Tower
39:05 Watch Tower
39:15 Watch Tower
39:39 Watch Tower
47:04 Great Hall
47:08 Orc Burrow
47:29 Altar of Storms
48:54 Orc Burrow
49:09 War Mill
49:43 Voodoo Lounge
49:48 Orc Burrow
49:49 Stronghold
54:29 Beastiary
54:36 Beastiary
55:31 Beastiary
56:08 Voodoo Lounge
60:09 Orc Burrow
60:12 Orc Burrow
61:03 Orc Burrow
62:14 Orc Burrow
64:00 Orc Burrow
64:02 Orc Burrow
67:20 Altar of Storms
71:11 Altar of Storms
74:38 Great Hall
79:24 Stronghold
94:04 Beastiary
94:08 Beastiary
101:05 Voodoo Lounge
» items
| Healing Salve | 3 | |
| Lesser Clarity Potion | 9 | |
| Potion of Healing | 7 | |
| Scroll of Speed | 1 | |
| Orb of Lightning | 2 | |
| Scroll of Town Portal | 3 | |
| Tiny Great Hall | 1 | |
| Potion of Mana | 2 | |
28 total
KatieCooBabyBoo (
teal | 135 APM | 14808 actions | 109:26)
9 Blademaster
3 Wind Walk
2 Critical Strike
1 Bladestorm
3 Mirror Image
7 Dark Ranger
3 Silence
3 Life Drain
1 Charm
7 Shadow Hunter
3 Hex
3 Healing Wave
1 Big Bad Voodoo
» actions
| Assign group hotkey | 242 | |
| Basic commands | 110 | |
| Build / train | 239 | |
| ESC pressed | 26 | |
| Enter build submenu | 98 | |
| Enter hero's abilities submenu | 26 | |
| Give item / drop item | 28 | |
| Right click | 7334 | |
| Select / deselect | 1222 | |
| Select group hotkey | 4439 | |
| Use ability | 1043 | |
14808 total
» units
| Peon | 18 | |
| Troll Batrider | 79 | |
| Goblin Zeppelin | 6 | |
| Goblin Shredder | 3 | |
| Goblin Sapper | 4 | |
110 total
» upgrades
| Reinforced Defenses | 1 | |
| Liquid Fire | 1 | |
2 total
» buildings
| Altar of Storms | 6 | |
| Orc Burrow | 19 | |
| Voodoo Lounge | 3 | |
| War Mill | 1 | |
| Watch Tower | 57 | |
| Stronghold | 7 | |
| Fortress | 1 | |
| Beastiary | 4 | |
| Great Hall | 2 | |
100 total
» build order
00:15 Altar of Storms
00:20 Altar of Storms
00:24 Orc Burrow
00:54 Voodoo Lounge
01:31 War Mill
01:41 Orc Burrow
02:45 Watch Tower
03:00 Watch Tower
03:39 Stronghold
03:39 Stronghold
03:43 Watch Tower
04:09 Watch Tower
04:12 Watch Tower
04:48 Watch Tower
05:24 Watch Tower
05:27 Orc Burrow
05:33 Watch Tower
06:07 Watch Tower
06:18 Fortress
06:28 Watch Tower
06:45 Watch Tower
07:47 Watch Tower
07:47 Watch Tower
08:10 Beastiary
09:41 Beastiary
09:44 Orc Burrow
09:50 Watch Tower
09:53 Watch Tower
10:39 Watch Tower
11:09 Watch Tower
12:25 Watch Tower
12:43 Watch Tower
13:41 Great Hall
13:48 Watch Tower
14:03 Watch Tower
15:31 Watch Tower
15:31 Watch Tower
17:21 Watch Tower
17:22 Watch Tower
18:27 Watch Tower
18:28 Watch Tower
20:33 Watch Tower
20:34 Watch Tower
20:34 Watch Tower
22:27 Watch Tower
24:31 Watch Tower
24:31 Watch Tower
24:32 Watch Tower
28:58 Watch Tower
28:59 Watch Tower
32:58 Watch Tower
36:30 Watch Tower
38:43 Altar of Storms
39:23 Watch Tower
39:37 Watch Tower
39:37 Watch Tower
39:38 Watch Tower
39:39 Watch Tower
39:55 Watch Tower
41:16 Watch Tower
41:17 Watch Tower
41:17 Watch Tower
41:18 Watch Tower
41:19 Watch Tower
41:19 Watch Tower
41:25 Watch Tower
41:28 Watch Tower
44:53 Watch Tower
44:55 Watch Tower
46:06 Watch Tower
46:08 Watch Tower
53:32 Voodoo Lounge
53:35 Beastiary
53:37 Beastiary
53:41 Orc Burrow
53:44 Orc Burrow
55:19 Stronghold
55:19 Stronghold
59:47 Orc Burrow
63:45 Orc Burrow
70:25 Altar of Storms
75:12 Voodoo Lounge
78:04 Watch Tower
79:44 Altar of Storms
79:45 Orc Burrow
79:51 Orc Burrow
79:52 Orc Burrow
82:27 Great Hall
85:07 Stronghold
85:07 Stronghold
87:01 Orc Burrow
87:04 Orc Burrow
87:06 Altar of Storms
88:05 Orc Burrow
88:06 Orc Burrow
88:11 Orc Burrow
88:14 Orc Burrow
88:16 Orc Burrow
88:17 Orc Burrow
» items
| Lesser Clarity Potion | 13 | |
| Healing Salve | 10 | |
| Scroll of Speed | 2 | |
| Orb of Lightning | 5 | |
| Staff of Sanctuary | 5 | |
| Boots of Quel'Thalas +6 | 4 | |
| Potion of Mana | 7 | |
| Scroll of Town Portal | 17 | |
| Inferno Stone | 7 | |
| Belt of Giant Strength +6 | 1 | |
| Scroll of Restoration | 2 | |
| Potion of Restoration | 2 | |
| Mana Stone | 2 | |
| Sobi Mask | 1 | |
| Potion of Healing | 6 | |
| Stone Token | 1 | |
| Talisman of the Wild | 1 | |
| Potion of Divinity | 1 | |
87 total
Learn2PlayHere (
pink | 76 APM | 8281 actions | 109:25)
6 Archmage
3 Blizzard
2 Brilliance Aura
1 Mass Teleport
7 Paladin
3 Holy Light
3 Divine Shield
1 Resurrection
7 Mountain King
3 Storm Bolt
3 Thunder Clap
1 Avatar
» actions
| Assign group hotkey | 8 | |
| Basic commands | 1 | |
| Build / train | 247 | |
| ESC pressed | 10 | |
| Enter build submenu | 115 | |
| Enter hero's abilities submenu | 20 | |
| Give item / drop item | 1 | |
| Remove unit from queue | 6 | |
| Right click | 5468 | |
| Select / deselect | 1244 | |
| Select group hotkey | 358 | |
| Use ability | 796 | |
8281 total
» units
| Peasant | 43 | |
| Priest | 5 | |
| Goblin Zeppelin | 2 | |
| Sorceress | 2 | |
| Dragonhawk Rider | 9 | |
| Goblin Shredder | 4 | |
65 total
» upgrades
| Masonry | 3 | |
| Lumber Harvesting | 2 | |
| Magic Sentry | 1 | |
| Priest Training | 2 | |
| Cloud | 1 | |
| Sorceress Training | 2 | |
| Backpack | 1 | |
12 total
» buildings
| Altar of Kings | 2 | |
| Farm | 16 | |
| Lumber Mill | 2 | |
| Scout Tower | 375 | |
| Arcane Tower | 20 | |
| Guard Tower | 102 | |
| Keep | 2 | |
| Arcane Vault | 5 | |
| Arcane Sanctum | 1 | |
| Castle | 1 | |
| Town Hall | 2 | |
| Gryphon Aviary | 2 | |
| Blacksmith | 1 | |
| Workshop | 1 | |
532 total
» build order
00:05 Altar of Kings
00:25 Farm
00:32 Farm
01:00 Lumber Mill
01:06 Scout Tower
01:36 Arcane Tower
01:40 Scout Tower
02:17 Arcane Tower
02:19 Scout Tower
03:43 Scout Tower
03:44 Scout Tower
03:45 Guard Tower
04:14 Scout Tower
04:15 Scout Tower
04:16 Scout Tower
04:18 Guard Tower
05:23 Scout Tower
05:23 Guard Tower
05:24 Keep
05:26 Scout Tower
05:26 Scout Tower
05:29 Guard Tower
05:44 Guard Tower
05:45 Scout Tower
05:46 Scout Tower
05:47 Scout Tower
05:47 Scout Tower
05:48 Scout Tower
05:50 Scout Tower
05:50 Scout Tower
05:51 Scout Tower
05:51 Scout Tower
05:56 Arcane Tower
06:27 Arcane Tower
06:31 Guard Tower
06:42 Guard Tower
06:43 Arcane Vault
06:45 Farm
06:46 Farm
07:33 Guard Tower
07:38 Scout Tower
07:39 Scout Tower
07:39 Scout Tower
07:40 Scout Tower
07:40 Scout Tower
07:41 Scout Tower
08:59 Guard Tower
09:06 Arcane Sanctum
09:07 Castle
09:42 Guard Tower
09:47 Guard Tower
09:58 Scout Tower
09:59 Scout Tower
10:00 Scout Tower
10:01 Scout Tower
10:25 Farm
10:29 Guard Tower
10:48 Arcane Tower
11:03 Guard Tower
11:26 Guard Tower
11:32 Farm
11:51 Guard Tower
11:53 Scout Tower
11:54 Scout Tower
12:56 Guard Tower
13:36 Scout Tower
13:37 Scout Tower
13:37 Scout Tower
15:08 Guard Tower
15:09 Scout Tower
15:50 Town Hall
16:01 Arcane Tower
16:02 Gryphon Aviary
17:57 Arcane Vault
18:55 Scout Tower
18:56 Scout Tower
18:57 Scout Tower
18:57 Scout Tower
18:58 Scout Tower
18:58 Scout Tower
19:55 Guard Tower
20:17 Scout Tower
20:27 Arcane Tower
20:30 Scout Tower
20:32 Scout Tower
20:32 Scout Tower
20:33 Scout Tower
20:33 Scout Tower
21:11 Guard Tower
22:03 Scout Tower
22:03 Scout Tower
22:04 Scout Tower
22:05 Scout Tower
22:06 Scout Tower
22:06 Scout Tower
22:10 Guard Tower
22:12 Scout Tower
22:13 Scout Tower
22:13 Scout Tower
22:14 Scout Tower
22:14 Scout Tower
22:15 Scout Tower
22:18 Guard Tower
22:20 Scout Tower
22:21 Scout Tower
22:21 Scout Tower
22:22 Scout Tower
22:22 Scout Tower
22:23 Scout Tower
22:56 Guard Tower
23:02 Guard Tower
23:15 Arcane Vault
23:39 Guard Tower
23:42 Scout Tower
23:43 Scout Tower
23:43 Scout Tower
23:44 Scout Tower
23:44 Scout Tower
23:45 Scout Tower
24:50 Guard Tower
24:58 Guard Tower
25:01 Scout Tower
25:02 Scout Tower
25:02 Scout Tower
25:03 Scout Tower
25:04 Scout Tower
25:05 Scout Tower
25:40 Guard Tower
26:37 Guard Tower
26:49 Guard Tower
26:55 Scout Tower
26:56 Scout Tower
26:56 Scout Tower
26:57 Scout Tower
26:58 Scout Tower
28:59 Guard Tower
29:02 Guard Tower
30:47 Arcane Tower
30:47 Arcane Tower
30:49 Scout Tower
30:49 Scout Tower
30:50 Scout Tower
30:50 Scout Tower
30:51 Scout Tower
30:52 Scout Tower
32:33 Guard Tower
32:44 Guard Tower
33:27 Arcane Tower
33:29 Scout Tower
33:29 Scout Tower
33:32 Scout Tower
36:14 Guard Tower
36:20 Scout Tower
36:20 Scout Tower
36:21 Scout Tower
36:21 Scout Tower
36:22 Scout Tower
36:23 Scout Tower
36:24 Scout Tower
36:25 Scout Tower
36:25 Scout Tower
36:26 Scout Tower
36:26 Scout Tower
36:27 Scout Tower
36:47 Town Hall
36:53 Scout Tower
36:54 Scout Tower
36:55 Scout Tower
36:55 Scout Tower
36:56 Scout Tower
36:57 Scout Tower
36:58 Scout Tower
36:58 Scout Tower
36:59 Scout Tower
36:59 Scout Tower
37:00 Scout Tower
37:02 Scout Tower
37:03 Scout Tower
37:03 Scout Tower
37:04 Scout Tower
37:04 Scout Tower
37:05 Scout Tower
37:06 Scout Tower
37:07 Scout Tower
37:08 Scout Tower
37:08 Scout Tower
37:24 Scout Tower
37:24 Scout Tower
37:25 Scout Tower
37:25 Scout Tower
37:26 Scout Tower
37:26 Scout Tower
38:18 Guard Tower
38:21 Guard Tower
38:23 Guard Tower
38:55 Guard Tower
39:33 Guard Tower
39:48 Arcane Tower
40:12 Guard Tower
40:46 Scout Tower
40:47 Scout Tower
40:48 Scout Tower
40:48 Scout Tower
40:49 Scout Tower
40:50 Scout Tower
40:51 Scout Tower
40:52 Scout Tower
40:53 Scout Tower
40:53 Scout Tower
40:54 Scout Tower
40:55 Scout Tower
40:57 Guard Tower
40:58 Guard Tower
41:01 Guard Tower
41:43 Guard Tower
41:50 Guard Tower
41:53 Scout Tower
41:54 Scout Tower
41:55 Scout Tower
41:55 Scout Tower
41:56 Scout Tower
41:56 Scout Tower
41:58 Scout Tower
41:58 Scout Tower
41:59 Scout Tower
41:59 Scout Tower
42:00 Scout Tower
42:00 Scout Tower
43:43 Guard Tower
43:45 Guard Tower
43:46 Guard Tower
44:32 Guard Tower
45:00 Guard Tower
45:00 Guard Tower
45:03 Guard Tower
45:36 Guard Tower
45:42 Guard Tower
46:03 Arcane Tower
46:17 Arcane Tower
46:19 Scout Tower
46:19 Scout Tower
46:20 Scout Tower
46:20 Scout Tower
46:21 Scout Tower
46:22 Scout Tower
46:22 Scout Tower
46:22 Scout Tower
46:23 Scout Tower
46:24 Scout Tower
46:42 Guard Tower
46:55 Arcane Tower
46:57 Guard Tower
46:59 Scout Tower
47:00 Scout Tower
47:01 Scout Tower
47:02 Scout Tower
47:02 Scout Tower
47:03 Scout Tower
48:15 Farm
49:08 Arcane Tower
49:12 Guard Tower
49:20 Scout Tower
49:21 Scout Tower
49:22 Scout Tower
49:23 Scout Tower
49:24 Scout Tower
49:24 Scout Tower
49:32 Guard Tower
49:50 Arcane Tower
50:45 Guard Tower
53:13 Scout Tower
53:13 Scout Tower
53:14 Scout Tower
53:14 Scout Tower
53:15 Scout Tower
53:15 Scout Tower
53:18 Scout Tower
53:19 Scout Tower
53:20 Scout Tower
53:21 Scout Tower
53:22 Scout Tower
53:22 Scout Tower
53:24 Scout Tower
53:24 Scout Tower
53:25 Scout Tower
53:51 Guard Tower
53:56 Scout Tower
53:57 Scout Tower
53:57 Scout Tower
53:59 Scout Tower
54:00 Scout Tower
54:50 Guard Tower
55:15 Arcane Tower
55:18 Scout Tower
55:19 Scout Tower
55:19 Scout Tower
55:20 Scout Tower
55:21 Scout Tower
55:21 Scout Tower
55:22 Scout Tower
55:23 Scout Tower
55:24 Scout Tower
55:25 Scout Tower
55:25 Scout Tower
55:26 Scout Tower
55:27 Scout Tower
55:28 Scout Tower
55:29 Scout Tower
55:30 Scout Tower
55:30 Scout Tower
55:31 Scout Tower
55:32 Scout Tower
55:33 Scout Tower
55:34 Scout Tower
55:34 Scout Tower
55:35 Scout Tower
55:35 Scout Tower
56:08 Gryphon Aviary
56:18 Guard Tower
56:46 Guard Tower
56:46 Guard Tower
58:06 Arcane Vault
58:08 Guard Tower
58:10 Scout Tower
58:10 Scout Tower
58:11 Scout Tower
58:12 Scout Tower
58:12 Scout Tower
58:13 Scout Tower
58:13 Scout Tower
58:13 Scout Tower
58:16 Scout Tower
58:17 Scout Tower
58:17 Scout Tower
58:17 Scout Tower
58:21 Scout Tower
58:23 Scout Tower
58:45 Guard Tower
59:08 Lumber Mill
59:49 Farm
59:51 Guard Tower
60:08 Arcane Tower
60:10 Guard Tower
60:14 Scout Tower
60:14 Scout Tower
60:15 Scout Tower
60:16 Scout Tower
60:16 Scout Tower
60:17 Scout Tower
60:23 Farm
61:01 Guard Tower
62:16 Guard Tower
62:23 Scout Tower
62:24 Scout Tower
62:24 Scout Tower
62:25 Scout Tower
62:26 Scout Tower
62:27 Scout Tower
62:35 Scout Tower
62:36 Scout Tower
62:36 Scout Tower
62:37 Scout Tower
62:38 Scout Tower
62:39 Scout Tower
69:17 Farm
69:17 Farm
74:14 Scout Tower
74:15 Scout Tower
74:16 Scout Tower
74:19 Scout Tower
74:20 Scout Tower
74:20 Scout Tower
74:21 Scout Tower
74:21 Scout Tower
74:22 Scout Tower
74:35 Keep
74:51 Farm
75:12 Guard Tower
78:44 Guard Tower
79:07 Scout Tower
79:07 Scout Tower
79:09 Scout Tower
79:09 Scout Tower
79:10 Scout Tower
79:10 Scout Tower
79:13 Scout Tower
79:13 Scout Tower
79:14 Scout Tower
79:15 Scout Tower
79:16 Scout Tower
79:16 Scout Tower
79:48 Guard Tower
81:10 Guard Tower
81:14 Guard Tower
84:38 Scout Tower
84:39 Scout Tower
84:39 Scout Tower
84:41 Scout Tower
84:42 Scout Tower
84:43 Scout Tower
85:02 Arcane Vault
85:11 Guard Tower
85:14 Scout Tower
85:18 Scout Tower
85:19 Scout Tower
85:20 Scout Tower
85:20 Scout Tower
85:21 Scout Tower
86:06 Guard Tower
87:23 Guard Tower
87:27 Altar of Kings
87:30 Scout Tower
87:31 Scout Tower
88:09 Guard Tower
88:23 Scout Tower
88:24 Scout Tower
88:25 Scout Tower
88:25 Scout Tower
88:26 Scout Tower
88:26 Scout Tower
88:33 Guard Tower
88:35 Scout Tower
88:36 Scout Tower
88:37 Scout Tower
88:38 Scout Tower
88:38 Scout Tower
88:40 Scout Tower
88:40 Scout Tower
88:41 Scout Tower
88:42 Scout Tower
88:43 Scout Tower
88:44 Scout Tower
89:47 Guard Tower
90:31 Guard Tower
91:02 Arcane Tower
91:06 Scout Tower
91:06 Scout Tower
91:08 Scout Tower
91:09 Scout Tower
91:10 Scout Tower
91:24 Guard Tower
91:29 Scout Tower
91:30 Scout Tower
91:31 Scout Tower
91:31 Scout Tower
91:32 Scout Tower
91:33 Scout Tower
91:42 Guard Tower
92:24 Guard Tower
92:42 Scout Tower
92:42 Scout Tower
92:43 Scout Tower
92:44 Scout Tower
92:44 Scout Tower
92:45 Scout Tower
92:46 Scout Tower
92:47 Scout Tower
92:52 Guard Tower
94:23 Guard Tower
95:35 Guard Tower
96:25 Guard Tower
96:28 Blacksmith
97:20 Workshop
98:34 Scout Tower
99:10 Guard Tower
99:21 Scout Tower
99:22 Scout Tower
100:10 Scout Tower
100:11 Scout Tower
100:12 Scout Tower
100:13 Scout Tower
100:17 Scout Tower
100:18 Scout Tower
100:19 Scout Tower
100:19 Scout Tower
100:20 Scout Tower
100:21 Scout Tower
100:51 Guard Tower
100:53 Guard Tower
100:56 Arcane Tower
100:58 Scout Tower
100:58 Scout Tower
100:59 Scout Tower
101:00 Scout Tower
101:01 Scout Tower
101:02 Scout Tower
101:06 Guard Tower
101:16 Farm
101:56 Guard Tower
101:59 Scout Tower
102:00 Scout Tower
102:01 Scout Tower
102:01 Scout Tower
102:02 Scout Tower
102:03 Scout Tower
102:04 Scout Tower
102:05 Scout Tower
102:05 Scout Tower
102:07 Scout Tower
102:08 Scout Tower
103:15 Guard Tower
103:18 Guard Tower
103:28 Guard Tower
104:28 Scout Tower
104:29 Scout Tower
104:29 Scout Tower
104:30 Scout Tower
104:31 Scout Tower
104:31 Scout Tower
104:33 Guard Tower
104:34 Guard Tower
104:38 Scout Tower
104:40 Scout Tower
104:40 Scout Tower
104:41 Scout Tower
104:41 Scout Tower
104:42 Scout Tower
105:16 Farm
106:04 Scout Tower
106:12 Scout Tower
106:14 Scout Tower
106:14 Scout Tower
106:15 Scout Tower
106:16 Scout Tower
106:36 Farm
106:38 Guard Tower
107:12 Guard Tower
107:33 Guard Tower
108:27 Farm
» items
| Healing Salve | 1 | |
| Lesser Clarity Potion | 1 | |
| Scroll of Town Portal | 3 | |
| Staff of Sanctuary | 3 | |
| Potion of Divinity | 1 | |
| Boots of Quel'Thalas +6 | 1 | |
| Orb of Lightning | 3 | |
| Scroll of Speed | 1 | |
| Sobi Mask | 1 | |
| Ankh of Reincarnation | 1 | |
16 total
Chat log
(00:05 / All) KatieCooBabyBoo: WOOT
(11:26 / All) KatieCooBabyBoo: oj ur friends are msising u
(90:20 / Allies) itstheSMOKE: greedisgood 20000
(104:29 / All) KatieCooBabyBoo: Oj
(104:31 / All) KatieCooBabyBoo: ur rally isnt far enuf
(104:47 / All) KatieCooBabyBoo: Denid
(105:32 / All) KatieCooBabyBoo: damn
(105:35 / All) KatieCooBabyBoo: probobly the best friends game ever
(108:26 / Allies) itstheSMOKE: trail of tears
(108:37 / Allies) itstheSMOKE: haha